 Dungeon Crawl Stone Soup version 0.26.1-11-gd32895ea62 (webtiles) character file.

Game seed: 6928900472017246607

168 jlumianski the Grasshopper (level 5, -6/43 HPs)
             Began as a Gnoll Warper on July 19, 2021.
             Killed from afar by an orc wizard (7 damage)
             ... with a puff of frost
             ... on level 3 of the Dungeon.
             The game lasted 00:12:04 (3030 turns).

jlumianski the Grasshopper (Gnoll Warper)           Turns: 3030, Time: 00:12:06

Health: -6/43      AC:  3    Str: 13    XL:     5   Next: 48%
Magic:  2/12       EV: 14    Int: 16    God:
Gold:   109        SH:  0    Dex: 15    Spells: 9/14 levels left

rFire    . . .     SeeInvis .   a - +0 hand axe
rCold    . . .     Faith    .   (no shield)
rNeg     . . .     Spirit   .   b - +0 leather armour
rPois    .         Reflect  .   (no helmet)
rElec    .         Harm     .   (no cloak)
rCorr    .         Rampage  .   (no gloves)
Will     .....                  (no boots)
Stlth    ++........             (no amulet)
HPRegen  0.14/turn              (no ring)
MPRegen  0.13/turn              (no ring)

@: no status effects
A: distributed training, fangs 1, strong nose
a: no special abilities


You were on level 3 of the Dungeon.
You visited 1 branch of the dungeon, and saw 3 of its levels.

You collected 109 gold pieces.

Inventory:

Hand Weapons
 a - a +0 hand axe (weapon)
Missiles
 c - 38 stones
 e - 5 boomerangs of dispersal
 g - 10 poisoned darts (quivered)
 i - 26 bolts
 l - 19 arrows
Armour
 b - a +0 leather armour (worn)
Jewellery
 f - an uncursed ring of flight {unknown}
Scrolls
 d - 3 scrolls of blinking
 h - 3 scrolls of identify {unknown}
 j - a scroll of magic mapping {unknown}
 k - a scroll of immolation {unknown}
 m - a scroll of enchant weapon {unknown}


   Skills:
 + Level 4.8 Fighting
 + Level 1.5 Short Blades
 + Level 1.5 Long Blades
 + Level 4.8 Axes
 + Level 1.5 Maces & Flails
 + Level 1.5 Polearms
 + Level 1.5 Staves
 + Level 1.5 Slings
 + Level 1.5 Bows
 + Level 1.5 Crossbows
 + Level 3.0 Throwing
 + Level 3.0 Armour
 + Level 4.8 Dodging
 + Level 1.5 Stealth
 + Level 1.5 Shields
 + Level 1.5 Unarmed Combat
 + Level 5.2 Spellcasting
 + Level 1.2 Conjurations
 + Level 1.2 Hexes
 + Level 1.2 Summonings
 + Level 1.2 Necromancy
 + Level 5.5 Translocations
 + Level 1.2 Transmutations
 + Level 1.2 Fire Magic
 + Level 1.2 Ice Magic
 + Level 1.2 Air Magic
 + Level 1.2 Earth Magic
 + Level 1.2 Poison Magic
 + Level 1.7 Invocations
 + Level 1.5 Evocations


You had 9 spell levels left.
You knew the following spells:

 Your Spells              Type           Power        Failure   Level
a - Blink                 Tloc           N/A          3%          2
b - Gell's Gravitas       Tloc           11%          6%          3

Your spell library contained the following spells:

 Spells                   Type           Power        Failure   Level
 Lesser Beckoning         Tloc           11%          6%          3
 Teleport Other           Tloc           22%          6%          3
 Passage of Golubria      Tloc           N/A          19%         4


Dungeon Overview and Level Annotations

Branches:
Dungeon (3/15)

Altars:


Innate Abilities, Weirdness & Mutations

Your experience applies equally to all skills.
You have very sharp teeth.
Your uncanny sense of smell can sniff out nearby items.


Message History

The orc wizard misses you. The orc wizard closely misses you.
The orc completely misses you.
You hit the orc wizard but do no damage.
The orc wizard is heavily wounded.
You hit the orc but do no damage. The orc wizard misses you.
The orc wizard hits you with a +2 dagger of speed.
* * * LOW HITPOINT WARNING * * *
You aren't carrying any potions.
You hit the orc wizard.
The orc wizard is severely wounded.
You closely miss the orc. The orc misses you.
The orc wizard looks braver for a moment.
You miss the orc wizard.
The orc wizard is severely wounded.
You hit the orc.
The orc wizard hits you but does no damage.
The orc misses you.
The orc wizard gestures at you while chanting.
The puff of frost hits you!
You die...

.
##+###########+#..
#.......##........
#....<..##........
#....[..##..$.....
#.......##@.......
#.......##oo......
#.......##b.......
##.#.#.#.#†#.#.#..
#..#...#.)(#. .#.
#.#.#.#.#.#.#. .#
#....#...#...#. .
#.#.#.#.#.#.#.#.
#..#...# ..#...#


You could see an orc wizard (fast, very poisoned), an orc and a bat.

Vanquished Creatures
  An orc wizard (D:3)
  Jessica (D:2)
  4 adders (D:2)
  2 worms
  3 leopard geckos (D:1)
  3 orcs
  3 giant cockroaches (D:1)
  6 goblins
  4 hobgoblins
  15 jackals
  6 kobolds (D:1)
  7 bats
  3 frilled lizards
  6 rats
64 creatures vanquished.

Vanquished Creatures (others)
  4 toadstools (D:1)
4 creatures vanquished.

Grand Total: 68 creatures vanquished

Notes
Turn   | Place    | Note
-------+----------+-------------------------------------------
     0 | D:1      | jlumianski the Gnoll Warper began the quest for the Orb.
     0 | D:1      | Reached XP level 1. HP: 20/20 MP: 6/6
   239 | D:1      | Reached XP level 2. HP: 9/26 MP: 7/7
   570 | D:1      | Learned a level 2 spell: Blink
   952 | D:1      | Reached XP level 3. HP: 31/31 MP: 9/9
   972 | D:1      | Reached skill level 5 in Spellcasting
  1168 | D:1      | Learned a level 3 spell: Gell's Gravitas
  1292 | D:1      | Reached skill level 1 in Invocations
  1681 | D:2      | Noticed Jessica
  1694 | D:2      | Killed Jessica
  1695 | D:2      | Reached skill level 1 in Short Blades
  1695 | D:2      | Reached skill level 1 in Long Blades
  1695 | D:2      | Reached skill level 1 in Maces & Flails
  1695 | D:2      | Reached skill level 1 in Polearms
  1695 | D:2      | Reached skill level 1 in Staves
  1695 | D:2      | Reached skill level 1 in Slings
  1695 | D:2      | Reached skill level 1 in Bows
  1695 | D:2      | Reached skill level 1 in Crossbows
  1695 | D:2      | Reached skill level 1 in Stealth
  1695 | D:2      | Reached skill level 1 in Shields
  1695 | D:2      | Reached skill level 1 in Unarmed Combat
  1695 | D:2      | Reached skill level 1 in Evocations
  1695 | D:2      | Reached XP level 4. HP: 27/38 MP: 11/11
  2078 | D:2      | Reached skill level 1 in Conjurations
  2078 | D:2      | Reached skill level 1 in Hexes
  2078 | D:2      | Reached skill level 1 in Summonings
  2078 | D:2      | Reached skill level 1 in Necromancy
  2078 | D:2      | Reached skill level 1 in Transmutations
  2078 | D:2      | Reached skill level 1 in Fire Magic
  2078 | D:2      | Reached skill level 1 in Ice Magic
  2078 | D:2      | Reached skill level 1 in Air Magic
  2078 | D:2      | Reached skill level 1 in Earth Magic
  2078 | D:2      | Reached skill level 1 in Poison Magic
  2388 | D:2      | Reached XP level 5. HP: 41/43 MP: 12/12
  3024 | D:3      | HP: 2/43 [orc wizard/puff of frost (5)]
  3030 | D:3      | Killed from afar by an orc wizard

Illustrated notes

Levels and vault maps discovered:
D:1:      ldierk_walled_garden_2, layout_loops_corners
D:2:      layout_basic, uniq_jessica
D:3:      layout_basic, gammafunk_ghost_stat_death, kennysheep_crisscross,
          uniq_sigmund

Skill      XL: |  1  2  3  4  5 |
---------------+----------------+-----
Spellcasting   | 5 |  5.2
Invocations    | 1 |  1.7
Short Blades   | 1 |  1.5
Long Blades    | 1 |  1.5
Maces & Flails | 1 |  1.5
Polearms       | 1 |  1.5
Staves         | 1 |  1.5
Slings         | 1 |  1.5
Bows           | 1 |  1.5
Crossbows      | 1 |  1.5
Stealth        | 1 |  1.5
Shields        | 1 |  1.5
Unarmed Combat | 1 |  1.5
Evocations     | 1 |  1.5
Conjurations   | 1 |  1.2
Hexes          | 1 |  1.2
Summonings     | 1 |  1.2
Necromancy     | 1 |  1.2
Transmutations | 1 |  1.2
Fire Magic     | 1 |  1.2
Ice Magic      | 1 |  1.2
Air Magic      | 1 |  1.2
Earth Magic    | 1 |  1.2
Poison Magic   | 1 |  1.2
Throwing       | 3 |  3.0
Armour         | 3 |  3.0
Fighting       | |  4.8
Axes           | |  4.8
Dodging        | |  4.8
Translocations | |  5.5

Action                   |  1- 3 |  4- 6 || total
-------------------------+-------+-------++-------
Melee: Hand axe          |   126 |   100 ||   226
       Bite              |    11 |     7 ||    18
Throw: Stone             |    20 |    10 ||    30
       Dart              |       |     9 ||     9
 Cast: Gell's Gravitas   |       |     4 ||     4
       Blink             |       |     3 ||     3
  Use: Potion            |       |     2 ||     2
Armor: Leather armour    |    25 |    33 ||    58
Dodge: Dodged            |   121 |   113 ||   234
